 Dungeon Crawl Stone Soup version 0.27.1-3-gb3d3a73c9e (webtiles) character file.

Game seed: 5737239790669936367

42 MisterFreud the Stinger (level 3, -1/25 HPs)
             Began as a Gnoll Venom Mage on Oct 6, 2021.
             Was a Believer of Jiyva.
             Slain by a hound (4 damage)
             ... on level 3 of the Dungeon.
             The game lasted 00:03:18 (1758 turns).

MisterFreud the Stinger (Gnoll Venom Mage)          Turns: 1758, Time: 00:03:19

Health: -1/25      AC:  2    Str:  8    XL:     3   Next: 56%
Magic:  5/9        EV: 13    Int: 15    God:    Jiyva [**....]
Gold:   25         SH:  0    Dex: 11    Spells: 11/12 levels left

rFire    . . .     SeeInvis .   e - +0 hand axe
rCold    . . .     Faith    .   (no shield)
rNeg     . . .     Spirit   .   a - +0 robe
rPois    .         Reflect  .   (no helmet)
rElec    .         Harm     .   (no cloak)
rCorr    .         Rampage  .   (no gloves)
Will     .....                  (no boots)
Stlth    ++........             (no amulet)
HPRegen  0.08/turn              (no ring)
MPRegen  0.11/turn              (no ring)

@: no status effects
A: fangs 1, strong nose, distributed training
a: Renounce Religion, Request Jelly


You were on level 3 of the Dungeon.
You worshipped Jiyva.
Jiyva was pleased with you.
You visited 1 branch of the dungeon, and saw 3 of its levels.

You collected 25 gold pieces.

Inventory:

Hand Weapons
 e - a +0 hand axe (weapon)
Armour
 a - a +0 robe (worn)
Potions
 d - a potion of brilliance
 f - a potion of curing {unknown}
 g - a potion of haste {unknown}


   Skills:
 + Level 0.8 Fighting
 + Level 0.8 Short Blades
 + Level 0.8 Long Blades
 + Level 0.8 Axes
 + Level 0.8 Maces & Flails
 + Level 0.8 Polearms
 + Level 0.8 Staves
 + Level 0.8 Slings
 + Level 0.8 Bows
 + Level 0.8 Crossbows
 + Level 0.8 Throwing
 + Level 0.8 Armour
 + Level 4.5 Dodging
 + Level 4.1 Stealth
 + Level 0.8 Shields
 + Level 0.8 Unarmed Combat
 + Level 5.0 Spellcasting
 + Level 0.5 Conjurations
 + Level 0.5 Hexes
 + Level 0.5 Summonings
 + Level 0.5 Necromancy
 + Level 0.5 Translocations
 + Level 2.1 Transmutations
 + Level 0.5 Fire Magic
 + Level 0.5 Ice Magic
 + Level 0.5 Air Magic
 + Level 0.5 Earth Magic
 + Level 5.4 Poison Magic
 + Level 1.0 Invocations
 + Level 0.8 Evocations


You had 11 spell levels left.
You knew the following spells:

 Your Spells              Type           Power      Damage    Failure   Level
a - Sting                 Tmut/Pois      60%        1d6       3%          1

Your spell library contained the following spells:

 Spells                   Type           Power      Damage    Failure   Level
 Poisonous Vapours        Pois/Air       24%        N/A       7%          2
 Olgreb's Toxic Radiance  Pois           20%        N/A       17%         4
 Mephitic Cloud           Conj/Pois/Air  10%        N/A       21%         3


Dungeon Overview and Level Annotations

Branches:
Dungeon (3/15)

Altars:
Sif Muna
Jiyva

Annotations:
D:3 Robin


Innate Abilities, Weirdness & Mutations

You have very sharp teeth.
Your uncanny sense of smell can sniff out nearby items.
Your experience applies equally to all skills.


Message History

Aiming: Sting (safe; 3% risk of failure)
Press: ? - help, Shift-Dir - straight line, f - gnoll
Aim: a gnoll, wielding a +0 spear (77% to hit)
The sting hits the gnoll.
The gnoll is poisoned.
The gnoll is lightly wounded.
The gnoll closely misses you.
You hear a splatter.
Casting: Sting (safe; 3% risk of failure)
Confirm with . or Enter, or press ? or * to list all spells.
Aiming: Sting (safe; 3% risk of failure)
Press: ? - help, Shift-Dir - straight line, f/p - gnoll
Aim: a gnoll, wielding a +0 spear (moderately wounded, poisoned, 77% to hit)
The sting hits the gnoll.
The gnoll looks even sicker.
The gnoll is heavily wounded.
The gnoll hits you from afar with a +0 spear.
Unknown command.
Casting: Sting (safe; 3% risk of failure)
Confirm with . or Enter, or press ? or * to list all spells.
Aiming: Sting (safe; 3% risk of failure)
Press: ? - help, Shift-Dir - straight line, f/p - gnoll
Aim: a gnoll, wielding a +0 spear (heavily wounded, very poisoned, 77% to hit)
The sting hits the gnoll.
The gnoll looks even sicker.
The gnoll is almost dead.
The gnoll hits you from afar with a +0 spear.
* * * LOW HITPOINT WARNING * * *
Something bites the bush but does no damage.
A hound comes into view.
You kill the gnoll!
Your Invocations skill increases to level 1!
The hound barks!
You hear a distant slurping noise.
The hound bites you.
* * * LOW HITPOINT WARNING * * *
The hound barely misses you. The bat misses you. The bat closely misses you.
You hear a distant slurping noise.
The hound closely misses you. The bat hits you but does no damage.
You hear a distant slurping noise.
The hound bites you.
You die...

##.........# .P
#..........# ##.
#..........####..♣♣
..................♣♣
...............PP♣ .
##......b........♣ ##.
#.............PP♣ #..
#............♣ #..
#..†..@h.....♣♣.. #..
._.....#<..).......P# #..
...##..#########.#P.#####..
... #..# ..#.#...... .#
...# .#.#.###.. #...###
######.#.#.... ....♣.P♣
#....#.#.#.#.# ........P♣
♣.<....#.#.#<#
♣P..P♣.)#...#.#.###


You could see a hound and a bat.

Vanquished Creatures
  A gnoll (D:3)
  3 bats (D:1)
  4 goblins (D:3)
  9 hobgoblins
  4 jackals
  A kobold (D:1)
  2 ball pythons
  3 rats
27 creatures vanquished.

Vanquished Creatures (others)
  A jelly (D:3)
  An endoplasm (D:3)
  3 orcs (D:3)
  2 goblins (D:3)
  2 ball pythons
  A rat (D:1)
  3 plants (D:3)
13 creatures vanquished.

Grand Total: 40 creatures vanquished

Notes
Turn   | Place    | Note
-------+----------+-------------------------------------------
     0 | D:1      | MisterFreud the Gnoll Venom Mage began the quest for the
                  | Orb.
     0 | D:1      | Reached XP level 1. HP: 13/13 MP: 6/6
   259 | D:1      | Found a faded altar of an unknown god.
   282 | D:1      | You fall into a shaft and drop 1 floor!
   334 | D:1      | Became a worshipper of Jiyva Jacyhoto the Shapeless
   334 | D:1      | Reached * piety under Jiyva
   487 | D:1      | Reached XP level 2. HP: 19/19 MP: 5/7
  1661 | D:3      | Reached ** piety under Jiyva
  1668 | D:3      | Reached XP level 3. HP: 25/25 MP: 2/9
  1673 | D:3      | Reached skill level 5 in Spellcasting
  1689 | D:3      | Noticed Robin
  1737 | D:3      | Found a shimmering blue altar of Sif Muna.
  1755 | D:3      | Reached skill level 1 in Invocations
  1758 | D:3      | Slain by a hound

Illustrated notes

Levels and vault maps discovered:
D:1:      sevenhm_arrival_forest_fort_large_1, layout_basic,
          ebering_ecumenical_altar_webs
D:2:      layout_basic
D:3:      corexii_shack_village, layout_basic,
          mainiacjoe_overflow_small_starburst, serial_forest,
          infiniplex_forest_straight_3, infiniplex_forest_end_2,
          infiniplex_forest_end_3, infiniplex_forest_zigzag_2,
          infiniplex_forest_lined_2, infiniplex_forest_corner_2,
          infiniplex_forest_lined_3, infiniplex_forest_clump_long, uniq_sigmund,
          uniq_robin, uniq_grinder

Skill      XL: |  1  2  3 |
---------------+----------+-----
Transmutations | 2 |  2.1
Spellcasting   | 5 |  5.0
Invocations    | 1 |  1.0
Fighting       | |  0.8
Short Blades   | |  0.8
Long Blades    | |  0.8
Axes           | |  0.8
Maces & Flails | |  0.8
Polearms       | |  0.8
Staves         | |  0.8
Slings         | |  0.8
Bows           | |  0.8
Crossbows      | |  0.8
Throwing       | |  0.8
Armour         | |  0.8
Dodging        | |  4.5
Stealth        | |  4.1
Shields        | |  0.8
Unarmed Combat | |  0.8
Conjurations   | |  0.5
Hexes          | |  0.5
Summonings     | |  0.5
Necromancy     | |  0.5
Translocations | |  0.5
Fire Magic     | |  0.5
Ice Magic      | |  0.5
Air Magic      | |  0.5
Earth Magic    | |  0.5
Poison Magic   | |  5.4
Evocations     | |  0.8

Action                   || total
-------------------------++-------
Melee: Hand axe          ||    24
       Bite              ||     1
 Cast: Sting             ||    40
  Use: Scroll            ||     2
Armor: Robe              ||    12
Dodge: Dodged            ||    47
